General information
- name: BNet
- type: Ladder team game (AT/RT)
- host: Battle.net
- saver: OhMyItsSarah
map: PhantomGrove
- players: 4
- length: 21:55
- speed: Fast
- version: 1.24 W3XP
- replay type: Public
» download(10 KB)
Players
team 1 (winner)
CritEveryHit (
pink | 140 APM | 3079 actions | 21:55)
4 Priestess of the Moon
2 Searing Arrows
2 Trueshot Aura
» actions
| Assign group hotkey | 43 | |
| Basic commands | 21 | |
| Build / train | 79 | |
| Enter build submenu | 15 | |
| Enter hero's abilities submenu | 4 | |
| Give item / drop item | 2 | |
| Remove unit from queue | 7 | |
| Right click | 1442 | |
| Select / deselect | 376 | |
| Select group hotkey | 1026 | |
| Use ability | 64 | |
3079 total
» units
» upgrades
| Strength of the Moon | 1 | |
| Moon Armor | 1 | |
2 total
» buildings
| Altar of Elders | 1 | |
| Moon Well | 4 | |
| Hunter's Hall | 1 | |
| Ancient of War | 2 | |
| Tree of Life | 4 | |
| Ancient Protector | 1 | |
13 total
» build order
00:05 Altar of Elders
00:17 Moon Well
01:45 Hunter's Hall
01:47 Ancient of War
02:11 Ancient of War
02:21 Moon Well
02:36 Moon Well
06:19 Tree of Life
06:28 Moon Well
10:03 Ancient Protector
12:57 Tree of Life
13:44 Tree of Life
19:45 Tree of Life
» items
| Scroll of Healing | 4 | |
| Scroll of Protection | 1 | |
| Scroll of Town Portal | 5 | |
10 total
LunaticDaZ (
teal | 143 APM | 3127 actions | 21:55)
5 Death Knight
3 Death Coil
2 Unholy Aura
4 Lich
2 Frost Nova
2 Frost Armor
3 Pit Lord
2 Rain of Fire
1 Cleaving Attack
» actions
| Assign group hotkey | 73 | |
| Basic commands | 113 | |
| Build / train | 82 | |
| Enter build submenu | 18 | |
| Enter hero's abilities submenu | 12 | |
| Give item / drop item | 4 | |
| Right click | 1531 | |
| Select / deselect | 392 | |
| Select group hotkey | 767 | |
| Use ability | 135 | |
3127 total
» units
| Acolyte | 2 | |
| Ghoul | 1 | |
| Crypt Fiend | 19 | |
| Obsidian Statue | 3 | |
| Frost Wyrm | 1 | |
| Gargoyle | 4 | |
30 total
» upgrades
| Creature Attack | 1 | |
| Burrow | 1 | |
| Web | 1 | |
| Destroyer Form | 1 | |
4 total
» buildings
| Graveyard | 1 | |
| Crypt | 2 | |
| Altar of Darkness | 1 | |
| Ziggurat | 7 | |
| Tomb of Relics | 2 | |
| Nerubian Tower | 5 | |
| Halls of the Dead | 4 | |
| Black Citadel | 2 | |
| Slaughterhouse | 1 | |
| Sacrificial Pit | 1 | |
| Boneyard | 1 | |
| Spirit Tower | 3 | |
30 total
» build order
00:07 Graveyard
00:10 Crypt
00:36 Altar of Darkness
00:39 Ziggurat
01:15 Tomb of Relics
01:20 Tomb of Relics
01:58 Ziggurat
04:06 Nerubian Tower
04:06 Nerubian Tower
04:51 Halls of the Dead
04:51 Halls of the Dead
04:53 Ziggurat
06:07 Ziggurat
07:56 Black Citadel
07:56 Black Citadel
08:21 Slaughterhouse
09:20 Ziggurat
09:22 Ziggurat
11:48 Sacrificial Pit
13:34 Ziggurat
13:37 Boneyard
15:30 Spirit Tower
15:31 Spirit Tower
15:31 Spirit Tower
16:10 Crypt
» items
| Rod of Necromancy | 3 | |
| Dust of Appearance | 2 | |
| Scroll of Town Portal | 5 | |
| Orb of Corruption | 1 | |
| Scroll of Healing | 1 | |
| Potion of Lesser Invulnerability | 1 | |
13 total
team 2 (loser)
OhMyItsSarah (
orange | 87 APM | 1913 actions | 21:55)
3 Priestess of the Moon
1 Searing Arrows
2 Trueshot Aura
» actions
| Assign group hotkey | 330 | |
| Basic commands | 92 | |
| Build / train | 95 | |
| ESC pressed | 1 | |
| Enter build submenu | 19 | |
| Enter hero's abilities submenu | 4 | |
| Remove unit from queue | 5 | |
| Right click | 736 | |
| Select / deselect | 334 | |
| Select group hotkey | 153 | |
| Use ability | 141 | |
1913 total
» units
» upgrades
| Strength of the Moon | 1 | |
| Moon Armor | 1 | |
2 total
» buildings
| Altar of Elders | 2 | |
| Moon Well | 6 | |
| Hunter's Hall | 1 | |
| Ancient of War | 2 | |
| Tree of Life | 4 | |
| Ancient Protector | 1 | |
16 total
» build order
00:04 Altar of Elders
00:05 Moon Well
01:50 Hunter's Hall
01:58 Ancient of War
02:12 Ancient of War
02:29 Moon Well
04:20 Moon Well
05:45 Moon Well
07:52 Tree of Life
08:12 Tree of Life
10:48 Ancient Protector
12:36 Tree of Life
15:25 Tree of Life
18:48 Altar of Elders
18:50 Moon Well
18:52 Moon Well
WOMENIZER (
red | 104 APM | 2269 actions | 21:53)
4 Death Knight
2 Death Coil
2 Unholy Aura
3 Lich
2 Frost Nova
1 Frost Armor
2 Dreadlord
1 Sleep
1 Carrion Swarm
» actions
| Assign group hotkey | 88 | |
| Basic commands | 3 | |
| Build / train | 74 | |
| Enter build submenu | 17 | |
| Enter hero's abilities submenu | 10 | |
| Give item / drop item | 4 | |
| Right click | 887 | |
| Select / deselect | 286 | |
| Select group hotkey | 779 | |
| Use ability | 121 | |
2269 total
» units
| Acolyte | 2 | |
| Ghoul | 2 | |
| Crypt Fiend | 17 | |
| Frost Wyrm | 14 | |
| Gargoyle | 2 | |
37 total
» upgrades
| Creature Attack | 2 | |
| Burrow | 1 | |
| Creature Carapace | 2 | |
| Web | 1 | |
6 total
» buildings
| Graveyard | 1 | |
| Crypt | 1 | |
| Altar of Darkness | 1 | |
| Ziggurat | 9 | |
| Tomb of Relics | 1 | |
| Halls of the Dead | 2 | |
| Black Citadel | 2 | |
| Sacrificial Pit | 1 | |
| Boneyard | 4 | |
| Necropolis | 24 | |
46 total
» build order
00:03 Graveyard
00:06 Crypt
00:20 Altar of Darkness
00:41 Ziggurat
01:03 Tomb of Relics
01:44 Ziggurat
04:12 Halls of the Dead
04:12 Halls of the Dead
05:01 Ziggurat
07:47 Ziggurat
07:48 Black Citadel
07:49 Black Citadel
09:21 Sacrificial Pit
10:31 Boneyard
10:32 Boneyard
10:36 Boneyard
10:37 Boneyard
10:53 Ziggurat
10:53 Ziggurat
10:55 Ziggurat
20:35 Ziggurat
20:36 Ziggurat
21:39 Necropolis
21:45 Necropolis
» items
| Rod of Necromancy | 2 | |
| Dust of Appearance | 2 | |
| Scroll of Town Portal | 5 | |
| Potion of Healing | 1 | |
| Potion of Mana | 1 | |
| Orb of Corruption | 1 | |
| Scroll of Healing | 2 | |
14 total
Chat log
(00:12 / Allies) OhMyItsSarah: we gotta abuse
(00:23 / Allies) OhMyItsSarah: x.x
(03:56 / Allies) WOMENIZER: ops
(03:57 / Allies) OhMyItsSarah: x.x
(05:36 / Allies) OhMyItsSarah: i got
(05:37 / Allies) OhMyItsSarah: sob
(06:43 / Allies) WOMENIZER: w g
(06:54 / All) LunaticDaZ: fuck ur mh shit kid :D
(07:04 / All) WOMENIZER: same
(07:08 / All) LunaticDaZ: " k " :D
(07:22 / Allies) WOMENIZER: expo
(07:25 / Allies) OhMyItsSarah: where
(09:46 / Allies) OhMyItsSarah: we
(09:47 / Allies) OhMyItsSarah: gotta
(09:47 / Allies) OhMyItsSarah: fight
(12:23 / Allies) WOMENIZER: tp
(13:21 / Allies) WOMENIZER: gold
(13:23 / Allies) WOMENIZER: fast
(13:42 / Allies) OhMyItsSarah: EW
(13:43 / Allies) WOMENIZER: no tp
(13:44 / Allies) WOMENIZER: xom
(14:15 / Allies) OhMyItsSarah: going
(14:22 / Allies) WOMENIZER: expo
(14:46 / Allies) OhMyItsSarah: b
(14:49 / Allies) OhMyItsSarah: b
(14:56 / Allies) OhMyItsSarah: gold
(14:57 / Allies) OhMyItsSarah: nvm
(15:00 / Allies) OhMyItsSarah: wood me
(15:18 / Allies) OhMyItsSarah: wood
(16:08 / Allies) OhMyItsSarah: tp
(16:08 / Allies) OhMyItsSarah: now
(16:22 / Allies) OhMyItsSarah: TP
(16:22 / Allies) OhMyItsSarah: NOW
(16:25 / Allies) WOMENIZER: cant
(16:27 / Allies) WOMENIZER: we lost
(16:27 / Allies) OhMyItsSarah: wow
(16:28 / Allies) OhMyItsSarah: gg
(16:33 / Allies) OhMyItsSarah: retard
(16:40 / Allies) WOMENIZER: use ur mh
(16:43 / Allies) OhMyItsSarah: WTF
(16:46 / Allies) OhMyItsSarah: AM I SUPPOSE TO D
(16:50 / Allies) OhMyItsSarah: ur dumb
(16:54 / Allies) OhMyItsSarah: u shoulda
(16:55 / Allies) OhMyItsSarah: fuckin
(16:56 / Allies) OhMyItsSarah: tped
(17:06 / Allies) WOMENIZER: with only 4 first"?
(17:26 / Allies) WOMENIZER: u have to play smart
(17:44 / Allies) WOMENIZER: i know ur liek beto and his mh and other but ill teach u was of mh
(18:01 / Allies) OhMyItsSarah: we
(18:02 / Allies) OhMyItsSarah: had this
(19:19 / Allies) OhMyItsSarah: dumb
(19:21 / Allies) OhMyItsSarah: we shouldnt
(19:22 / Allies) OhMyItsSarah: have lost
(21:21 / Allies) OhMyItsSarah: zz